 Dungeon Crawl Stone Soup version 0.16-b1 (webtiles) character file.

599 Stormphoenix the Basher (level 7, -1/52 HPs)
             Began as a Formicid Fighter on Mar 15, 2015.
             Was an Initiate of Okawaru.
             Slain by a wight
             ... wielding a +1 mace of protection
              (2 damage)
             ... on level 4 of the Dungeon.
             The game lasted 00:11:08 (3956 turns).

Stormphoenix the Basher (Formicid Fighter)          Turns: 3956, Time: 00:11:08

Health: -1/52      AC:  8    Str: 23    XL:     7   Next: 68%
Magic:  18/18      EV:  7    Int: 10    God:    Okawaru [......]
Gold:   166        SH:  9    Dex: 10    Spells: 0 memorised, 6 levels left

rFire  . . .     SeeInvis +     a - +1 flail
rCold  . . .     Clarity  +     b - +0 scale mail
rNeg   . . .     SustAb   .     c - +0 shield
rPois  .         Gourm    .     (helmet unavailable)
rElec  .         Spirit   .     k - +0 cloak
rCorr  .         Warding  .     (no gloves)
rMut   .         Stasis   +     (no boots)
MR     .....                    o - amulet of clarity
Stlth  ..........               r - ring of magical power
                                f - +3 ring of intelligence

@: drained, not resistant to hostile enchantments, extremely unstealthy
A: permanent stasis, dig shafts and tunnels, four strong arms, antennae 3,
molten scales 1, blurry vision 1, clarity, spit poison 1, MP-powered wands 1
a: Dig, Shaft Self, Spit Poison, Renounce Religion


You were on level 4 of the Dungeon.
You worshipped Okawaru.
Okawaru was noncommittal.
You were hungry.

You visited 1 branch of the dungeon, and saw 4 of its levels.

You collected 166 gold pieces.

Inventory:

Hand weapons
 a - a +1 flail (weapon)
Armour
 b - a +0 scale mail (worn)
 c - a +0 shield (worn)
 k - a +0 cloak (worn)
Jewellery
 e - an uncursed ring of poison resistance {unknown}
 f - a +3 ring of intelligence (left hand)
 o - an amulet of clarity (around neck)
 r - a ring of magical power (right hand)
Magical devices
 q - a wand of fire (8)
Scrolls
 g - a scroll of immolation {unknown}
 h - 4 scrolls of remove curse
 p - a scroll of amnesia
Potions
 i - 5 potions of curing
 m - 2 potions of restore abilities
 s - a potion of poison
Comestibles
 d - 4 bread rations
 j - 2 beef jerkies
 l - 4 fruits


   Skills:
 - Level 3.2(2.6) Fighting
 + Level 8.0(7.3) Maces & Flails
 - Level 3.2(2.6) Armour
 - Level 3.6(2.9) Shields


You had 6 spell levels left.
You didn't know any spells.

Dungeon Overview and Level Annotations

Branches:
Dungeon (4/15)
 Temple: D:4-7

Altars:
Okawaru

Shops:
D:4 =


Innate Abilities, Weirdness & Mutations

You are under a permanent stasis effect.
You can dig through walls and to a lower floor.
Your four strong arms can wield two-handed weapons with a shield.
You have a pair of large antennae on your head (SInv).
You are partially covered in molten scales (AC +1).
Scrolls take you a little longer to read.
You possess an exceptional clarity of mind.
You can spit poison.
You expend magic power (3 MP) to slightly strengthen your wands.


Message History

The wight hits you from afar with a halberd of freezing.
The wight freezes you. You block the wight's attack.
The wight hits you from afar with a halberd of freezing!
The wight freezes you.
You barely miss the wight.
The wight hits you with a mace of protection.
The wight barely misses you.
You barely miss the wight. The wight closely misses you.
The wight hits you from afar with a halberd of freezing.
The wight freezes you.
* * * LOW HITPOINT WARNING * * *
You hit the wight but do no damage. The wight hits you but does no damage.
The wight hits you from afar with a halberd of freezing!
* * * LOW HITPOINT WARNING * * *
You feel drained. The wight freezes you.
* * * LOW HITPOINT WARNING * * *
Your shield and scale mail prevent you from hitting the wight.
The wight hits you with a mace of protection.
You die...

# #.. ##### #... #.... +... #....
#####+#...! #.... ............###
#.... ..............@# #....
..........##+##z# ######'#
..........# #z##### ##..##...
..........# #zz{..# #....'...
#..........# ###.....# #....#...
#..........# #...##..# #....#[..
#....###'#####...(#..######'##...
. #....z{{z.._......)#........
#(...z#..#....###..#........


You could see 4 wights.

Vanquished Creatures
  2 ogres (D:4)
  A scorpion (D:4)
  The ghost of Zapata the Cudgeler, a weakling KoBe of Trog (D:3)
  An orc priest (D:4)
  2 orc wizards (D:4)
  A hound (D:4)
  2 iguanas (D:4)
  A worker ant (D:4)
  7 adders
  2 worms (D:2)
  A giant gecko (D:3)
  An ooze (D:3)
  7 orcs
  A bat skeleton (D:4)
  A giant cockroach (D:3)
  6 goblins
  12 hobgoblins
  2 jackals (D:3)
  8 kobolds
  2 quokkas
  9 bats
  5 giant newts
  7 rats
82 creatures vanquished.

Notes
Turn   | Place    | Note
--------------------------------------------------------------
     0 | D:1      | Stormphoenix, the Formicid Fighter, began the quest for the Orb.
     0 | D:1      | Reached XP level 1. HP: 18/18 MP: 1/1
   215 | D:1      | Reached XP level 2. HP: 24/24 MP: 3/3
   733 | D:2      | Reached XP level 3. HP: 29/29 MP: 4/4
  1238 | D:2      | Reached skill level 4 in Maces & Flails
  1238 | D:2      | Reached XP level 4. HP: 24/35 MP: 5/5
  1519 | D:2      | Gained mutation: You possess an exceptional clarity of mind. [potion of mutation]
  1519 | D:2      | Gained mutation: You are partially covered in molten scales (AC +1). [potion of mutation]
  1519 | D:2      | Gained mutation: Scrolls take you a little longer to read. [potion of mutation]
  1520 | D:2      | Gained mutation: You can spit poison. [potion of mutation]
  1520 | D:2      | Gained mutation: You expend magic power (3 MP) to slightly strengthen your wands. [potion of mutation]
  1539 | D:3      | Noticed Zapata's ghost (weakling KoBe)
  1557 | D:3      | Killed Zapata's ghost
  1557 | D:3      | Reached XP level 5. HP: 3/41 MP: 7/7
  2112 | D:3      | Reached skill level 5 in Maces & Flails
  2593 | D:4      | Noticed an ogre
  2601 | D:4      | Killed an ogre
  2601 | D:4      | Reached skill level 6 in Maces & Flails
  2601 | D:4      | Reached XP level 6. HP: 11/47 MP: 8/8
  2822 | D:4      | Found Geutedan's Jewellery Emporium.
  3143 | D:4      | Reached skill level 7 in Maces & Flails
  3143 | D:4      | Reached XP level 7. HP: 35/52 MP: 9/9
  3887 | D:4      | Found an iron altar of Okawaru.
  3895 | D:4      | Became a worshipper of Warmaster Okawaru
  3905 | D:4      | Noticed an ogre
  3923 | D:4      | Killed an ogre
  3923 | D:4      | Reached skill level 8 in Maces & Flails
  3955 | D:4      | HP: 1/52 [wight/halberd of freezing (3)]
  3956 | D:4      | Slain by a wight

Action                   |  1- 3 |  4- 6 |  7- 9 || total
-------------------------+-------+-------+-------++-------
Melee: Flail             |   132 |   170 |    52 ||   354
  Use: Potion            |     3 |     4 |     5 ||    12
       Scroll            |     3 |     5 |       ||     8
  Eat: Chunk             |       |     6 |     2 ||     8
       Fruit             |       |     2 |       ||     2
